 Dungeon Crawl Stone Soup version 0.30-a0-393-g54b8e3be05 (webtiles) character file.

Game seed: 13443156778712208193

53620 PyroL the Black Sun (level 14, -1/100 HPs)
             Began as a Demonspawn Necromancer on Dec 4, 2022.
             Was a High Priest of Kikubaaqudgha.
             Slain by an orc high priest
             ... wielding a +0 glaive
              (7 damage)
             ... on level 2 of the Orcish Mines on Dec 5, 2022.
             The game lasted 01:40:31 (25949 turns).

PyroL the Black Sun (Demonspawn Necromancer)       Turns: 25949, Time: 01:40:32

Health: -1/100     AC: 13    Str:  8    XL:     14   Next: 31%
Magic:  1/29       EV: 16    Int: 21    God:    Kikubaaqudgha [*****.]
Gold:   1596       SH:  8    Dex: 13    Spells: 1/35 levels left

rFire   . . .      SeeInvis +    L - +2 trident (protect)
rCold   . . .      Faith    .    (no shield)
rNeg    . . .      Spirit   .    V - +2 robe
rPois   +          Reflect  .    o - +0 helmet
rElec   .          Harm     .    (no cloak)
rCorr   .          Rampage  .    (no gloves)
Will    +....                    q - +0 pair of boots
Stlth   ++........               R - amulet of regeneration
HPRegen 1.16/turn                P - ring of poison resistance
MPRegen 0.21/turn                F - ring of see invisible

@: about to teleport, death channelling, spiked, under a protective aura,
animating dead
A: hooves 2, large bone plates 3, demonic guardian 1, powered by pain 3, weak 1
a: Renounce Religion, Unearth Wretches, Torment


You were on level 2 of the Orcish Mines.
You worshipped Kikubaaqudgha.
Kikubaaqudgha was extremely pleased with you.
You visited 4 branches of the dungeon, and saw 19 of its levels.
You also visited: Ossuary.

You collected 1596 gold pieces.

Inventory:

Hand Weapons
 y - a +1 spectral quarterstaff
 L - a +2 trident of protection (weapon)
Missiles
 x - 48 poisoned darts
 A - 2 throwing nets
Armour
 o - a +0 helmet (worn)
 q - a +0 pair of boots (worn)
 t - +0 steam dragon scales
 V - a +2 robe (worn)
Jewellery
 i - a ring of flight
 F - a ring of see invisible (right hand)
 I - a ring of protection from fire
 J - a ring of protection from cold
 P - a ring of poison resistance (left hand)
 R - an amulet of regeneration (around neck)
Wands
 h - a wand of acid (12)
 p - a wand of flame (56)
 D - a wand of polymorph (5)
 H - a wand of roots (10)
 O - a wand of digging (17)
Scrolls
 a - a scroll of enchant armour
 f - a scroll of fear
 g - 12 scrolls of teleportation
 j - 2 scrolls of amnesia
 k - 7 scrolls of magic mapping
 m - 3 scrolls of immolation
 r - 3 scrolls of blinking
 w - a scroll of enchant weapon {unknown}
 C - a scroll of summoning
 E - 4 scrolls of brand weapon
 G - 3 scrolls of poison
 M - a scroll of torment
 Q - a scroll of butterflies {unknown}
 U - a scroll of identify
Potions
 b - 2 potions of magic
 c - a potion of flight
 d - 7 potions of curing
 e - 7 potions of haste
 l - 5 potions of brilliance
 n - a potion of cancellation {unknown}
 s - 4 potions of might
 u - 2 potions of resistance
 v - 4 potions of lignification
 z - a potion of heal wounds
 B - 2 potions of attraction
 K - 5 potions of mutation
 N - a potion of ambrosia {unknown}
 T - a potion of invisibility
Miscellaneous
 S - a box of beasts


   Skills:
 - Level 6.0 Fighting
 + Level 10.6 Dodging
 - Level 1.7 Stealth
 - Level 11.0 Spellcasting
 + Level 19.4 Necromancy
 - Level 5.3 Ice Magic


You had one spell level left.
You knew the following spells:

 Your Spells              Type           Power      Damage    Failure   Level
a - Necrotise             Necr           100%       1d9       0%          1
b - Vampiric Draining     Necr           76%        2d11      0%          3
c - Animate Dead          Necr           76%        N/A       1%          4
d - Kiss of Death         Conj/Necr      100%       2d13      1%          1
e - Dispel Undead         Necr           76%        3d25      1%          4
f - Death Channel         Necr           38%        N/A       1%          6
g - Anguish               Hex/Necr       25%        N/A       1%          4
h - Borgnjor's Vile Clut  Necr/Erth      25%        N/A       3%          5
i - Simulacrum            Ice/Necr       29%        N/A       5%          6

Your spell library contained the following spells:

 Spells                   Type           Power      Damage    Failure   Level
 Apportation              Tloc           22%        N/A       6%          1
 Summon Small Mammal      Summ           44%        N/A       6%          1
 Sublimation of Blood     Necr           76%        N/A       0%          2
 Cigotuvi's Dreadful Rot  Necr/Pois/Air  76%        N/A       1%          2
 Agony                    Necr           76%        N/A       1%          5
 Blink                    Tloc           22%        N/A       9%          2
 Scorch                   Fire           22%        2d6       9%          2
 Call Canine Familiar     Summ           11%        N/A       17%         3
 Confusing Touch          Hex            11%        N/A       17%         3
 Portal Projectile        Hex/Tloc       22%        N/A       17%         3
 Stone Arrow              Conj/Erth      22%        3d8       17%         3
 Animate Armour           Summ/Erth      22%        N/A       50%         4
 Flame Wave               Conj/Fire      11%        2d6       50%         4
 Leda's Liquefaction      Hex/Erth       5%         N/A       50%         4
 Manifold Assault         Tloc           11%        N/A       50%         4
 Summon Forest            Summ/Tloc      5%         N/A       85%         5
 Summon Mana Viper        Hex/Summ       11%        N/A       85%         5
 Yara's Violent Unravell  Hex/Tmut       5%         3d4       85%         5
 Iron Shot                Conj/Erth      5%         9d2       100%        6
 Summon Cactus Giant      Summ           5%         N/A       100%        6
 Enfeeble                 Hex            5%         N/A       100%        7
 Storm Form               Tmut/Air       5%         N/A       100%        7
 Lehudib's Crystal Spear  Conj/Erth      5%         10d3      100%        8
 Shatter                  Erth           5%         3d8*      100%        9


Dungeon Overview and Level Annotations

Branches:
Dungeon (11/15)            Temple (1/1) D:5            Lair (5/5) D:10
  Swamp (0/4) Lair:2        Snake (0/4) Lair:2        Slime (0/5) Lair:4
    Orc (2/2) D:11            Elf (0/3) Orc:2       Ossuary (visited)

Altars:
Ashenzari
Cheibriados
Dithmenos
Fedhas
Gozag
Hepliaklqana
Kikubaaqudgha
Makhleb
Nemelex Xobeh
Okawaru
Qazlal
Ru
Sif Muna
Trog
Uskayaw
Vehumet
Wu Jian
Xom
Yredelemnul
Jiyva

Shops:
D:8 [

Portals:
Abyss: Lair:3

Annotations:
D:3 1 runed translucent door
Lair:4 exclusion: 4 oklob plants


Innate Abilities, Weirdness & Mutations

You have hoof-like feet.
You are completely covered in large bone plates. (SH +8)
A weak demonic guardian rushes to your aid.
You are powered by pain.
You are weak. (Str -2)


Message History

The ufetubus dies!
The ufetubus disappears in a puff of smoke!
The ufetubus hits your spectral orc warrior. x2
Your spectral orc warrior is destroyed!
Your orc priest zombie misses the ufetubus.
You block the ufetubus's attack. The ufetubus barely misses you.
The ufetubus hits your spectral orc priest. x2
Okay, then.
Reach: L) +2 trident (protect)
Press: ? - help, Dir - move target, f - orc high priest
Aim: an orc high priest, wielding a +0 glaive and wearing a +0 leather armour (moderately wounded, anguished, about 45% to evade your +2 trident of protection)
The ynoxinul is in the way.
You hit the ynoxinul.
The ynoxinul is lightly wounded.
The ynoxinul hits you but does no damage.
Your spectral orc priest barely misses the ufetubus.
The orc high priest hits you from afar with a +0 glaive.
* * * LOW HITPOINT WARNING * * *
The orc high priest is wracked by anguish.
The ufetubus barely misses your spectral orc priest.
The ufetubus hits your spectral orc priest.
The ufetubus hits you but does no damage. x2
The orc priest barely misses your spectral orc priest.
The hellwing hits you.
* * * LOW HITPOINT WARNING * * *
The hellwing closely misses you.
Your spectral orc high priest hits the hellwing but does no damage.
The ufetubus hits your spectral orc priest. x2
Your orc priest zombie barely misses the ufetubus.
Your spectral orc priest completely misses the ufetubus.
The ynoxinul hits you!
* * * LOW HITPOINT WARNING * * *
The ynoxinul is wracked by anguish!
The orc priest calls upon Beogh to heal the orc high priest.
The orc high priest is healed somewhat.
The ufetubus hits your spectral orc priest.
Your spectral orc priest is destroyed!
The ufetubus closely misses you. The ufetubus barely misses you.
The orc high priest hits you from afar with a +0 glaive!
You die...
Kikubaaqudgha rasps: "You have failed me!
Welcome... death!"

....................#...##
......#..........#.....##
..................#....##
...................##.#.##
.........................#
........................##
..#........))).oZZ......##
.......)..))...454.......#
..#....#...)ยง.o3@.#......##
......#......o.54####.#...#
.............Z555# ####.##
...........##....#.# ###
..........##.)......#
...#......#....#...#.
.....................
................##.
.........##...##


You could see an orc high priest (anguished), 2 hellwings, a ynoxinul (summoned,
anguished), an orc priest, an orc wizard (invisible), 5 ufetubi, a friendly
orange demon (summoned), a friendly spectral orc high priest, a friendly orc
priest zombie and a friendly orc high priest zombie.

Vanquished Creatures
  An ettin (Orc:1)
  A hydra (Lair:5)
  The ghost of GiantSquids the Arsonist, a journeyman DEFE of Sif Muna (Lair:3)
  3 death yaks
  The ghost of zishaf the Wallflower, a journeyman VSBr of Uskayaw (D:10)
  2 tengu warriors (D:10)
  An orc high priest (Orc:2)
  The ghost of arthad the Chiller, a novice DsWn of Makhleb (D:6)
  An ugly thing (D:9)
  2 manticores
  A black mamba (Lair:3)
  3 cane toads
  An unseen horror (D:10)
  A yaktaur (shapeshifter) (Lair:3)
  A kobold demonologist (D:10)
  2 rime drakes
  An ancient zyme (Lair:3)
  2 komodo dragons
  2 blink frogs
  A tyrant leech (Lair:2)
  2 trolls
  A hornet (Lair:3)
  A spriggan (Lair:3)
  A wraith (D:9)
  3 shadows
  A vampire (D:9)
  A ynoxinul (D:10)
  17 yaks
  8 wyverns
  2 steam dragons
  A basilisk (Lair:2)
  A neqoxec (Lair:3)
  Menkaure (D:6)
  6 water moccasins
  A sky beast (D:6)
  12 orc warriors
  An ice beast (D:6)
  A black bear (Lair:3)
  10 centaurs
  4 ogres
  3 phantoms
  A kobold brigand (D:10)
  A gnoll sergeant (D:8)
  3 bullfrogs
  4 scorpions
  4 wights (D:9)
  The ghost of pascalblue the Covered, a weakling AtFi (D:3)
  5 killer bees
  2 howler monkeys
  6 electric eels
  A centaur zombie (Ossuary)
  A jelly (D:5)
  16 hounds
  12 orc priests
  2 iguanas
  17 orc wizards
  4 mummies (Ossuary)
  Robin (D:3)
  8 adders
  14 gnolls
  A river rat (D:3)
  A white imp (D:5)
  2 ufetubi
  3 worms
  2 dart slugs
  49 orcs
  10 endoplasms
  2 giant cockroaches
  15 goblins
  11 hobgoblins
  4 jackals
  12 kobolds
  3 quokkas
  5 ball pythons
  5 bats
  2 frilled lizards (D:2)
  2 goblin zombies (Ossuary)
  3 hobgoblin zombies (Ossuary)
  2 kobold zombies (Ossuary)
  7 rats
351 creatures vanquished.

Vanquished Creatures (collateral kills)
  5 death yaks
  A two-headed ogre (D:11)
  A wolf spider (Lair:5)
  8 black mambas
  12 elephants
  An orange demon (Lair:3)
  10 cane toads
  2 kobold demonologists (D:10)
  4 komodo dragons (Lair:5)
  2 trolls (D:11)
  4 hornets
  2 polar bears
  2 tyrant leeches (Lair:2)
  11 blink frogs
  6 dream sheep (Lair:4)
  8 wyverns (Lair:5)
  17 yaks
  A redback (Lair:5)
  14 water moccasins
  5 orc warriors
  An ogre (Orc:1)
  2 wolves (Lair:5)
  A centaur (D:11)
  A kobold brigand (D:10)
  8 bullfrogs
  A troll zombie (D:11)
  4 killer bees
  2 orc priests (Orc:2)
  6 orc wizards
  21 orcs
  An endoplasm (D:2)
  A goblin (D:2)
  A kobold (D:10)
  A bat (D:2)
167 creatures vanquished.

Vanquished Creatures (others)
  An orc high priest (Orc:2)
  An elephant (Lair:5)
  A black mamba (Lair:5)
  A guardian serpent (Lair:5)
  2 death yak zombies (Lair:5)
  A cane toad (Lair:5)
  A hydra zombie (Lair:5)
  A wyvern (Lair:5)
  A black mamba zombie (Lair:5)
  A yak (Lair:5)
  A tengu zombie (D:10)
  A water moccasin (Lair:5)
  3 cane toad zombies (Lair:5)
  5 orc warriors (Orc:2)
  4 blink frog zombies (Lair:5)
  2 ogres (Orc:2)
  3 wolves (Lair:5)
  A rime drake zombie (Lair:5)
  A bullfrog (Lair:1)
  A wyvern zombie (Lair:5)
  2 water moccasin zombies
  11 yak zombies
  A troll zombie (D:11)
  3 wolf zombies (Lair:5)
  3 bullfrog zombies
  5 centaur zombies
  An orc priest (Orc:2)
  3 orc wizards
  4 killer bee zombies
  3 ogre zombies (Orc:2)
  3 hound zombies (D:10)
  43 orc zombies
  5 orcs (Orc:2)
  A gnoll zombie (D:9)
  42 fungi
  80 plants
243 creatures vanquished.

Grand Total: 761 creatures vanquished

Notes
Turn   | Place    | Note
-------+----------+-------------------------------------------
     0 | D:1      | PyroL the Demonspawn Necromancer began the quest for the
                  | Orb.
     0 | D:1      | Reached XP level 1. HP: 13/13 MP: 3/3
   463 | D:1      | Gained mutation: A weak demonic guardian rushes to your
                  | aid. [demonic ancestry]
   463 | D:1      | Reached XP level 2. HP: 19/19 MP: 3/5
  1418 | D:2      | Reached skill level 5 in Necromancy
  1418 | D:2      | Gained mutation: You are partially covered in large bone
                  | plates. (SH +4) [demonic ancestry]
  1418 | D:2      | Reached XP level 3. HP: 8/24 MP: 0/7
  1500 | D:2      | Learned a level 3 spell: Vampiric Draining
  2127 | D:3      | Gained mutation: You are mostly covered in large bone
                  | plates. (SH +6) [demonic ancestry]
  2127 | D:3      | Reached XP level 4. HP: 30/30 MP: 6/8
  2163 | D:3      | Found a runed translucent door.
  2169 | D:3      | Noticed pascalblue's ghost (weakling AtFi)
  2324 | D:3      | Found a radiant altar of Vehumet.
  2486 | D:3      | Found a runed translucent door.
  2696 | D:3      | Learned a level 4 spell: Animate Dead
  3202 | D:4      | Gained mutation: You sometimes gain a little power by
                  | taking damage. [demonic ancestry]
  3202 | D:4      | Reached XP level 5. HP: 35/35 MP: 5/10
  3524 | D:4      | Reached skill level 6 in Necromancy
  3731 | D:4      | Noticed Robin
  3979 | D:3      | Killed Robin
  4080 | D:4      | Found a sacrificial altar of Ru.
  4348 | D:4      | Gained mutation: You have large cloven feet. [demonic
                  | ancestry]
  4348 | D:4      | Reached XP level 6. HP: 41/41 MP: 5/12
  4985 | D:4      | Reached skill level 5 in Spellcasting
  4985 | D:4      | Reached skill level 7 in Necromancy
  5174 | D:5      | Entered Level 5 of the Dungeon
  5184 | D:4      | Reached XP level 7. HP: 42/46 MP: 10/14
  5574 | D:5      | Reached skill level 8 in Necromancy
  5910 | D:5      | Learned a level 1 spell: Kiss of Death
  5915 | D:5      | Learned a level 4 spell: Dispel Undead
  5959 | D:5      | You are sucked into a shaft and drop 1 floor!
  5962 | D:6      | Noticed a manticore
  5962 | D:6      | Noticed arthad's ghost (novice DsWn)
  5968 | D:6      | Noticed Menkaure
  5994 | D:6      | Found an ornate altar of the Wu Jian Council.
  6030 | D:6      | Reached skill level 1 in Fighting
  6030 | D:6      | Gained mutation: You have hoof-like feet. [demonic
                  | ancestry]
  6030 | D:6      | Reached XP level 8. HP: 46/54 MP: 10/17
  6246 | D:6      | Found a sand-covered staircase.
  6252 | Ossuary  | Entered an ossuary
  6715 | D:6      | Reached skill level 9 in Necromancy
  6721 | D:6      | Found a transporter.
  6723 | D:6      | Found a transporter.
  6884 | D:6      | Killed Menkaure
  7619 | D:5      | Reached skill level 10 in Necromancy
  7643 | D:5      | Found a staircase to the Ecumenical Temple.
  7653 | Temple   | Entered the Ecumenical Temple
  7683 | Temple   | Became a worshipper of Kikubaaqudgha
  7804 | D:3      | Killed pascalblue's ghost
  8527 | D:7      | Reached XP level 9. HP: 31/65 MP: 10/18
  8654 | D:7      | Reached skill level 11 in Necromancy
  8853 | D:7      | Reached * piety under Kikubaaqudgha
  8853 | D:7      | Received a gift from Kikubaaqudgha
  9206 | D:7      | Found a blossoming altar of Fedhas.
  9208 | D:7      | Found a bloodstained altar of Trog.
  9209 | D:7      | Found a hazy altar of Hepliaklqana.
  9629 | D:7      | Reached skill level 5 in Fighting
 10131 | D:8      | Reached skill level 12 in Necromancy
 10311 | D:8      | Found Uboxom's Armour Boutique.
 11300 | D:9      | Reached skill level 13 in Necromancy
 11425 | D:9      | Noticed a red ugly thing
 11476 | D:8      | Gained mutation: You are completely covered in large bone
                  | plates. (SH +8) [demonic ancestry]
 11476 | D:8      | Reached XP level 10. HP: 40/76 MP: 4/19
 12061 | D:9      | Reached skill level 14 in Necromancy
 12517 | D:9      | Reached ** piety under Kikubaaqudgha
 12719 | D:9      | Killed a red ugly thing
 13139 | D:9      | Reached skill level 15 in Necromancy
 13491 | D:10     | Entered Level 10 of the Dungeon
 13901 | D:10     | Noticed an orange demon
 13917 | D:10     | Gained mutation: You are weak. (Str -2) [a neqoxec]
 13964 | D:10     | Found a runed translucent door.
 13964 | D:10     | Noticed zishaf's ghost (journeyman VSBr)
 14143 | D:10     | Noticed a tengu warrior
 14155 | D:10     | Noticed a tengu warrior
 14166 | D:10     | Killed a tengu warrior
 14167 | D:10     | Reached skill level 16 in Necromancy
 14175 | D:10     | Killed a tengu warrior
 14176 | D:10     | Reached XP level 11. HP: 40/81 MP: 3/20
 14520 | D:10     | Found a staircase to the Lair.
 14666 | D:10     | HP: 2/81 [electric eel/bolt of electricity (13)]
 15309 | D:10     | Reached skill level 17 in Necromancy
 15810 | D:10     | Killed zishaf's ghost
 16161 | D:6      | Killed arthad's ghost
 16536 | D:10     | Got the Omnibus of Bedrock
 16838 | D:11     | Noticed a two-headed ogre
 17256 | D:11     | Reached *** piety under Kikubaaqudgha
 17256 | D:11     | Received a gift from Kikubaaqudgha
 17264 | D:11     | Learned a level 6 spell: Death Channel
 17555 | D:11     | Killed a two-headed ogre
 17557 | D:11     | Found a staircase to the Orcish Mines.
 18106 | Lair:1   | Entered Level 1 of the Lair of Beasts
 18128 | Lair:1   | Noticed a death yak
 18128 | Lair:1   | Noticed a death yak
 18128 | Lair:1   | Noticed a death yak
 18131 | Lair:1   | Noticed a death yak
 18160 | D:10     | Killed a death yak
 18368 | Lair:1   | Killed a death yak
 18369 | Lair:1   | Gained mutation: You sometimes gain power by taking damage.
                  | [demonic ancestry]
 18369 | Lair:1   | Reached XP level 12. HP: 81/88 MP: 6/23
 18376 | Lair:1   | Killed a death yak
 18379 | Lair:1   | Killed a death yak
 18380 | Lair:1   | Reached skill level 5 in Dodging
 20049 | Lair:2   | Upgraded the game from 0.30-a0-390-g80c34de65d to
                  | 0.30-a0-393-g54b8e3be05
 20220 | Lair:2   | Reached skill level 10 in Spellcasting
 20389 | Lair:2   | Reached **** piety under Kikubaaqudgha
 20884 | Lair:2   | Found a staircase to the Snake Pit.
 20890 | Lair:2   | Found a staircase to the Swamp.
 21314 | Lair:3   | Gained mutation: You are powered by pain. [demonic
                  | ancestry]
 21314 | Lair:3   | Reached XP level 13. HP: 89/93 MP: 12/27
 21570 | Lair:3   | Reached skill level 1 in Ice Magic
 21626 | Lair:3   | Learned a level 4 spell: Anguish
 21632 | Lair:3   | Learned a level 5 spell: Borgnjor's Vile Clutch
 21702 | Lair:3   | Found a one-way gate to the infinite horrors of the Abyss.
 21702 | Lair:3   | Noticed GiantSquids's ghost (journeyman DEFE)
 21819 | Lair:3   | Paralysed by a hornet for 3 turns
 21855 | Lair:3   | Found a transporter.
 21877 | Lair:3   | Found a transporter.
 22486 | Lair:4   | Found a viscous altar of Jiyva.
 22491 | Lair:4   | Found a staircase to the Slime Pits.
 22878 | Lair:5   | Entered Level 5 of the Lair of Beasts
 22906 | Lair:5   | Reached skill level 5 in Ice Magic
 22908 | Lair:5   | Reached ***** piety under Kikubaaqudgha
 22909 | Lair:5   | Reached skill level 18 in Necromancy
 23375 | Lair:5   | Reached XP level 14. HP: 100/100 MP: 19/29
 23395 | Lair:5   | Reached skill level 19 in Necromancy
 23660 | Lair:5   | Reached skill level 10 in Dodging
 24295 | Lair:3   | Killed GiantSquids's ghost
 24522 | Lair:3   | Learned a level 6 spell: Simulacrum
 24670 | Orc:1    | Entered Level 1 of the Orcish Mines
 24718 | Orc:1    | Reached ****** piety under Kikubaaqudgha
 25176 | Orc:2    | Entered Level 2 of the Orcish Mines
 25523 | Orc:2    | Found a staircase to the Elven Halls.
 25949 | Orc:2    | Slain by an orc high priest

Illustrated notes

Levels and vault maps discovered:
D:1:      dpeg_arrival_rhombi, layout_loops_cross
D:2:      layout_basic
D:3:      layout_loops_ring, vehumet_altar_wand_db, ebering_ghost_sewer_f
D:4:      layout_rooms, nicolae_ru_great_annihilating_truth, uniq_robin
D:5:      minmay_evil_eye, layout_basic, minmay_temple_entry_statues_fountains,
          serial_rivers, chequers_serial_rivers_large_a,
          chequers_serial_rivers_small_a, chequers_serial_rivers_small_b,
          chequers_serial_rivers_room_b
D:6:      layout_basic, mainiacjoe_overflow_six_doors_small,
          gammafunk_ghost_arena, nicolae_ossuary_entry_plus, uniq_menkaure
D:7:      layout_basic, minitemple
D:8:      layout_loops_ring, serial_shops, nicolae_shop_behind_doors
D:9:      layout_rooms, grunt_potential
D:10:     layout_basic, erik_lair_island, hellmonk_ghost_big_iron,
          hellmonk_bongcloud_opening
D:11:     layout_irregular_city, minmay_orc_entry_temple_small, hive_lemuel
Temple:   minmay_freezing_vapour_temple
Lair:1:   layout_hall_layers, lemuel_old_faithful
Lair:2:   layout_hall_layers, minmay_swamp_entry_worms, dummy_snake_entry,
          grunt_megastairs_5
Lair:3:   layout_roguey, gammafunk_ghost_abyssal_escape
Lair:4:   layout_hall_layers, minmay_slime_entry_oklob_open
Lair:5:   hangedman_lair_tendril_chambers, layout_regular_city
Orc:1:    layout_caves
Orc:2:    st_orc_mages, layout_caves, basic_altar

Skill      XL: |  1  2  3  4  5  6  7  8  9 10 11 12 13 14 |
---------------+-------------------------------------------+-----
Necromancy     | 5 6 7 8 10 13 16 17 18 19 | 19.4
Spellcasting   | 3 4 5 6 7 10 11 | 11.0
Fighting       | 1 4 6 |  6.0
Dodging        | 4 7 9 10 | 10.6
Ice Magic      | 5 |  5.3
Stealth        | |  1.7

Action                   |  1- 3 |  4- 6 |  7- 9 | 10-12 | 13-15 || total
-------------------------+-------+-------+-------+-------+-------++-------
Melee: Short sword       |     5 |       |       |       |       ||     5
       Spear             |    20 |    76 |    23 |       |       ||   119
       Quarterstaff      |       |       |   117 |       |       ||   117
       Unarmed           |       |       |    15 |       |       ||    15
       Trident           |       |       |       |   291 |   205 ||   496
       Punch             |       |       |       |     7 |       ||     7
Throw: Dart              |       |       |       |     5 |       ||     5
 Cast: Necrotise         |    69 |   107 |   131 |   161 |    64 ||   532
       Vampiric Draining |     3 |    13 |    42 |   153 |    60 ||   271
       Animate Dead      |       |     4 |    10 |    18 |     8 ||    40
       Dispel Undead     |       |       |     9 |    16 |     1 ||    26
       Death Channel     |       |       |       |    10 |    13 ||    23
       Kiss of Death     |       |       |       |     1 |     1 ||     2
       Anguish           |       |       |       |       |    19 ||    19
       Borgnjor's Vile C |       |       |       |       |     8 ||     8
       Simulacrum        |       |       |       |       |     1 ||     1
Invok: Unearth Wretches  |       |       |       |     2 |     2 ||     4
Evoke: Wand              |       |       |       |     3 |       ||     3
  Use: Scroll            |     5 |       |    10 |     6 |     7 ||    28
       Potion            |       |       |       |     9 |     3 ||    12
 Stab: Sleeping          |       |     1 |     2 |       |       ||     3
       Distracted        |       |       |       |     4 |     5 ||     9
       Invisible         |       |       |       |     1 |       ||     1
       Paralysed         |       |       |       |       |     1 ||     1
Armor: Robe              |    12 |    22 |    45 |       |    38 ||   117
       Skin              |       |       |     6 |       |       ||     6
       Steam dragon scal |       |       |     3 |   231 |    44 ||   278
Dodge: Dodged            |    21 |    61 |   143 |   430 |   265 ||   920
Block: Other             |     4 |    31 |    52 |   274 |   124 ||   485

Table legend: (Time is in decaauts)
 A = Elapsed time spent in this place.
 B = Non-inter-level travel time spent in this place.
 C = Inter-level travel time spent in this place.
 D = Time resting spent in this place.
 E = Time spent auto-exploring this place.
 F = Levels seen in this place.
 G = Mean time per level.
                   A        B        C        D        E       F      G
               +--------+--------+--------+--------+--------+-----+--------+
         Total |  26192 |  25125 |   1067 |   6017 |  14261 |  20 | 1309.6 |
       Dungeon |  18034 |  17217 |    817 |   5193 |   8806 |  11 | 1639.5 |
        Temple |     50 |     50 |      0 |     40 |      0 |   1 |   50.0 |
          Lair |   6377 |   6128 |    249 |    160 |   4797 |   5 | 1275.4 |
  Orcish Mines |   1310 |   1310 |      0 |    479 |    477 |   2 |  655.0 |
       Ossuary |    419 |    419 |      0 |    145 |    181 |   1 |  419.0 |
               +--------+--------+--------+--------+--------+-----+--------+

Top non-repeatable levels by time:
    D:10: 2649 daAuts
     D:9: 2624 daAuts
  Lair:2: 2051 daAuts
     D:4: 1735 daAuts
     D:6: 1702 daAuts
    D:11: 1570 daAuts
     D:7: 1384 daAuts
     D:3: 1364 daAuts
     D:8: 1355 daAuts
     D:5: 1342 daAuts
  Lair:5: 1335 daAuts
     D:1: 1192 daAuts
     D:2: 1112 daAuts
  Lair:1: 1038 daAuts
  Lair:3: 996 daAuts
